 Dungeon Sprint DCSS version 0.17-a0-1583-g2df49ec (webtiles) character file.

5300000 nuthulu the Conqueror (level 21, -6/224 HPs)
             Began as a Ghoul Monk on July 28, 2015.
             Was the Champion of Makhleb.
             Mangled by The Servant
             ... wielding a +9 glaive of flaming
              (8 damage)
             ... in the Dungeon (Sprint VIII: "Arena of Blood").
             The game lasted 00:01:49 (53 turns).

nuthulu the Conqueror (Ghoul Monk)                    Turns: 53, Time: 00:01:49

Health: -6/224     AC:  4    Str: 18    XL:     21   Next: 60%
Magic:  22/42      EV: 34    Int:  5    God:    Makhleb [******]
Gold:   0          SH:  0    Dex: 18    Spells: 0 memorised, 57 levels left

rFire  . . .     SeeInvis .     i - +∞ Axe of Woe
rCold  + . .     Clarity  .     a - +0 robe
rNeg   + + +     SustAt   .     (no shield)
rPois  ∞         Gourm    .     (no helmet)
rElec  .         Spirit   .     (no cloak)
rCorr  .         Warding  .     (no gloves)
rMut   .         NoTele   +     (no boots)
MR     +....                    (no amulet)
Stlth  +++++++++.               (no ring)
                                (no ring)

@: rotting, somewhat resistant to hostile enchantments, incredibly stealthy
A: rotting body, claws 1, carnivore 3, cold resistance 1, negative energy
resistance 3, slow healing 1, torment resistance, unbreathing
a: Minor Destruction, Lesser Servant of Makhleb, Major Destruction, Greater
Servant of Makhleb, Renounce Religion


You were in the Dungeon.
You worshipped Makhleb.
Makhleb was exalted by your worship.
You were not hungry.

You visited 1 branch

Inventory:

Hand weapons
 i - the +∞ Axe of Woe (weapon)
   (You found it in the Dungeon)
Armour
 a - a +0 robe (worn)
Scrolls
 h - a scroll of blinking
Potions
 c - a potion of curing
 d - a potion of heal wounds
 e - a potion of haste
 f - 2 potions of magic
 g - a potion of berserk rage
Comestibles
 b - a meat ration


   Skills:
 O Level 27 Fighting
 O Level 27 Axes
 + Level 20.1 Throwing
 O Level 27 Armour
 O Level 27 Dodging
 + Level 24.8 Stealth
 + Level 23.4 Unarmed Combat
 + Level 18.7 Spellcasting
 + Level 22.2 Invocations


You had 57 spell levels left.
You didn't know any spells.

Dungeon Overview and Level Annotations

Branches:
Dungeon (1/1)

Altars:
Makhleb

Annotations:
D The Servant


Innate Abilities, Weirdness & Mutations

Your body is rotting away.
You thrive on raw meat.
You are immune to poison.
You have sharp fingernails.
You are carnivorous and can eat meat at any time.
Your flesh is cold resistant.
You are immune to negative energy.
You heal slowly when monsters are visible.
You are immune to unholy pain and torment.
You can survive without breathing.


Message History

* * * LOW HITPOINT WARNING * * *
You hear a shout!
The sculptor of flesh is engulfed in roaring flames.
You hear a shout! x5
The destroyer shouts!
You slice the sculptor of flesh!!
You dissect the sculptor of flesh like a pig carcass.
You destroy the sculptor of flesh!
Makhleb accepts your kill.
You feel better.
Your Throwing skill increases to level 20!
Your Unarmed Combat skill increases to level 23!
Your Invocations skill increases to level 22!
You are engulfed in roaring flames.
You hear a shout! x6
The Servant is engulfed in roaring flames.
The Servant hits you from afar with a +9 glaive of flaming!!!!
* * * LOW HITPOINT WARNING * * *
The Servant burns you!
You die...

.. .. .. .o #.
.# #.. ..#
.###.. ..###.
......###......
......§@§......
...V#V§§§.#....
. #_o@o_# z
#o....#
..o.._.....
......###......
.###.. ..###.
#.. ..# #.. ..#


You could see The Servant, 2 destroyers, a sculptor of flesh and 4 bags of meat.

Vanquished Creatures
  4 vampire knights (D)
  3 ogres (D)
  A hydra (D)
  8 orcs (D)
  A hill giant (D)
  2 skeletal warriors (D)
  A large abomination (D)
  3 crawling corpses (D)
23 creatures vanquished.

Notes
Turn   | Place    | Note
--------------------------------------------------------------
     0 | D        | nuthulu the Ghoul Monk began the quest for the Orb.
     0 | D        | Reached XP level 1. HP: 19/19 MP: 0/0
     3 | D        | Noticed a bag of meat
     4 | D        | Became a worshipper of Makhleb the Destroyer
     4 | D        | Acquired Makhleb's first power
     4 | D        | Acquired Makhleb's second power
     5 | D        | Noticed a bag of meat
    11 | D        | Killed a bag of meat
    11 | D        | Reached skill level 15 in Fighting
    11 | D        | Reached XP level 2. HP: 22/49 MP: 1/1
    11 | D        | Reached XP level 3. HP: 25/56 MP: 2/2
    11 | D        | Reached XP level 4. HP: 28/63 MP: 3/3
    11 | D        | Reached XP level 5. HP: 31/70 MP: 4/4
    11 | D        | Reached XP level 6. HP: 34/78 MP: 5/5
    11 | D        | Reached XP level 7. HP: 36/84 MP: 6/6
    11 | D        | Reached XP level 8. HP: 39/93 MP: 7/7
    11 | D        | Reached XP level 9. HP: 41/100 MP: 8/8
    11 | D        | Reached XP level 10. HP: 43/107 MP: 9/9
    11 | D        | Reached XP level 11. HP: 45/114 MP: 10/10
    11 | D        | Reached XP level 12. HP: 48/122 MP: 11/11
    12 | D        | Noticed a bag of meat
    14 | D        | Noticed a meat berserker
    15 | D        | Noticed a bag of meat
    16 | D        | Noticed a meat berserker
    16 | D        | Killed a bag of meat
    16 | D        | Reached skill level 18 in Fighting
    16 | D        | Reached skill level 15 in Axes
    16 | D        | Reached skill level 15 in Armour
    16 | D        | Reached skill level 15 in Dodging
    16 | D        | Reached XP level 13. HP: 51/134 MP: 12/12
    17 | D        | Killed a meat berserker
    17 | D        | Acquired Makhleb's third power
    17 | D        | Reached skill level 20 in Fighting
    17 | D        | Reached XP level 14. HP: 141/149 MP: 13/13
    18 | D        | Noticed a bag of meat
    18 | D        | Noticed a bag of meat
    18 | D        | Killed a meat berserker
    18 | D        | Reached skill level 22 in Fighting
    18 | D        | Reached XP level 15. HP: 155/162 MP: 14/14
    19 | D        | Noticed a bag of meat
    20 | D        | Noticed a bag of meat
    21 | D        | Killed a bag of meat
    21 | D        | Acquired Makhleb's fourth power
    21 | D        | Reached skill level 23 in Fighting
    21 | D        | Reached XP level 16. HP: 168/173 MP: 15/15
    22 | D        | Killed a bag of meat
    22 | D        | Reached skill level 24 in Fighting
    23 | D        | Noticed a destroyer
    23 | D        | Noticed a destroyer
    24 | D        | Killed a destroyer
    24 | D        | Reached skill level 26 in Fighting
    24 | D        | Reached XP level 17. HP: 183/190 MP: 16/16
    24 | D        | Killed a bag of meat
    24 | D        | Acquired Makhleb's fifth power
    24 | D        | Reached skill level 27 in Fighting
    25 | D        | Killed a bag of meat
    28 | D        | Killed a destroyer
    28 | D        | Reached XP level 18. HP: 200/200 MP: 17/17
    30 | D        | Noticed an eight-headed meat hydra
    30 | D        | Killed a nine-headed meat hydra
    30 | D        | Reached skill level 27 in Axes
    30 | D        | Reached skill level 27 in Armour
    30 | D        | Reached skill level 27 in Dodging
    30 | D        | Reached XP level 19. HP: 207/207 MP: 17/27
    36 | D        | Noticed a destroyer
    36 | D        | Killed a bag of meat
    37 | D        | Noticed a meat berserker
    39 | D        | Noticed a bag of meat
    39 | D        | Noticed a destroyer
    39 | D        | Killed a destroyer
    39 | D        | Reached skill level 15 in Unarmed Combat
    40 | D        | Killed a destroyer
    40 | D        | Reached XP level 20. HP: 216/216 MP: 18/37
    41 | D        | Killed a meat berserker
    42 | D        | Noticed a large bag of meat
    42 | D        | Noticed a sculptor of flesh
    43 | D        | Noticed The Servant
    45 | D        | Noticed a bag of meat
    46 | D        | Noticed a bag of meat
    46 | D        | Noticed a sculptor of flesh
    46 | D        | Killed a bag of meat
    46 | D        | Reached XP level 21. HP: 224/224 MP: 20/41
    47 | D        | Killed a sculptor of flesh
    48 | D        | Noticed a bag of meat
    48 | D        | Noticed a bag of meat
    49 | D        | Killed a large bag of meat
    50 | D        | Noticed a destroyer
    51 | D        | Noticed a destroyer
    52 | D        | Noticed a meat berserker
    53 | D        | Killed a sculptor of flesh
    53 | D        | HP: 2/224 [The Servant/+9 glaive of flaming (107)]
    53 | D        | Mangled by The Servant

Vault maps used:
D:        meatsprint

Action                   |  1- 3 |  4- 6 |  7- 9 | 10-12 | 13-15 | 16-18 | 19-21 || total
-------------------------+-------+-------+-------+-------+-------+-------+-------++-------
Melee: Executioner's axe |     1 |       |       |     1 |     3 |     5 |     9 ||    19
